[Event "Titled Tuesday Blitz February 14 Late 2023"]
[White "Andreikin, Dmitry"]
[Black "Cruz, Jonathan"]
[WhiteFideId "4158814"]
[BlackFideId "3802124"]
[WhiteElo "2729"]
[BlackElo "2328"]
[Result "1-0"]
[Round "02"]
[TimeControl "180+2"]
[Date "2023.02.14"]
[WhiteClock "0:00:52"]
[BlackClock "0:00:45"]

1. c4 e5 2. Nc3 Nc6 3. e3 g6 4. d4 Bg7 5. d5 Nb8 6. d6 c6 7. e4 Nf6 8. f3 O-O 9. Be3 b6 10. b4 c5 11. b5 a6 12. a4 Bb7 13. Qd2 Nh5 14. Nh3 Nf4 15. Nd5 axb5 16. Ne7+ Kh8 17. cxb5 Bf6 18. a5 Nxh3 19. gxh3 Rxa5 20. Rxa5 bxa5 21. Bxc5 Bh4+ 22. Kd1 a4 23. Bc4 Bf6 24. h4 Bxh4 25. Rg1 Bf6 26. Rxg6 fxg6 27. Qh6 1-0


[Site "https://www.chess.com"]

[Event "Titled Tuesday Blitz February 14 Late 2023"]
[White "Sanchez, Sebastian Felipe"]
[Black "Sarana, Alexey"]
[WhiteFideId "4403304"]
[BlackFideId "24133795"]
[WhiteElo "2427"]
[BlackElo "2685"]
[Result "0-1"]
[Round "02"]
[TimeControl "180+2"]
[Date "2023.02.14"]
[WhiteClock "0:00:19"]
[BlackClock "0:02:21"]

1. d4 Nf6 2. c4 e6 3. g3 d5 4. Nf3 Bb4+ 5. Nbd2 dxc4 6. Bg2 b5 7. a4 c6 8. O-O Bb7 9. Qc2 Nbd7 10. b3 c3 11. Nb1 bxa4 12. Rxa4 c5 13. Rd1 Be4 14. Ne1 Bxc2 15. Nxc2 O-O 16. dxc5 Bxc5 17. Bxa8 Qxa8 18. Nxc3 Ne5 19. Be3 Bxe3 20. Nxe3 Qc6 21. Rc1 Qb7 22. Ra5 Nc6 23. Rb5 Qd7 24. Rd1 Qe7 25. Nc4 Rd8 26. Rxd8+ Qxd8 27. Rc5 Qd7 28. e3 h5 29. h3 g6 30. Nb5 Ne4 0-1


[Site "https://www.chess.com"]

[Event "Titled Tuesday Blitz February 14 Late 2023"]
[White "Paravyan, David"]
[Black "Risteski, Emil"]
[WhiteFideId "4194985"]
[BlackFideId "15005267"]
[WhiteElo "2601"]
[BlackElo "2366"]
[Result "1-0"]
[Round "02"]
[TimeControl "180+2"]
[Date "2023.02.14"]
[WhiteClock "0:00:49"]
[BlackClock "0:00:18"]

1. e4 d6 2. d4 Nf6 3. Nc3 e5 4. Nf3 Nbd7 5. a4 Be7 6. g4 d5 7. dxe5 Nxe4 8. Nxd5 O-O 9. Qd4 Nec5 10. Be3 Ne6 11. Qc3 c6 12. Nxe7+ Qxe7 13. a5 Ndc5 14. Bg2 Ne4 15. Qc4 N4g5 16. Nh4 Nc7 17. f4 Be6 18. Qc5 Qd8 19. fxg5 Bd5 20. O-O h6 21. Nf5 Ne6 22. Qd6 1-0


[Site "https://www.chess.com"]

[Event "Titled Tuesday Blitz February 14 Late 2023"]
[White "Thomforde-Toates, Noah"]
[Black "Bluebaum, Matthias"]
[WhiteFideId "30951992"]
[BlackFideId "24651516"]
[WhiteElo "2124"]
[BlackElo "2669"]
[Result "0-1"]
[Round "02"]
[TimeControl "180+2"]
[Date "2023.02.14"]
[WhiteClock "0:00:09"]
[BlackClock "0:01:08"]

1. e4 e6 2. d4 d5 3. Nd2 c5 4. exd5 Qxd5 5. Ngf3 cxd4 6. Bc4 Qd6 7. O-O Nf6 8. Nb3 Nc6 9. Nbxd4 Nxd4 10. Qxd4 Qxd4 11. Nxd4 Bd7 12. c3 Rc8 13. Bb3 Bc5 14. Rd1 O-O 15. h3 Rfd8 16. Be3 Bb6 17. Nc2 Bxe3 18. Nxe3 Kf8 19. f3 Ke7 20. Kf2 Be8 21. h4 b5 22. a4 Rxd1 23. Bxd1 Rc7 24. axb5 Bxb5 25. Ra5 Be8 26. Be2 Nd7 27. Ke1 Nb6 28. Kd2 Ba4 29. Kc1 h6 30. Nc4 Nxc4 31. Rxa4 Ne3 32. g4 g5 33. h5 Nd5 34. Bd3 Nb6 35. Ra5 Nd7 36. Kd2 Nc5 37. Bc2 Kf6 38. b4 Nd7 39. Bd3 Nb6 40. Ra6 Nd5 41. Ra3 Ke5 42. Ra5 Kf4 43. Be4 Nxc3 44. Ba8 Nd5 45. b5 Kxf3 46. Ra4 Kg3 47. Rd4 Nf4 48. Bc6 a6 49. Rd8 axb5 50. Bxb5 Kxg4 51. Rh8 Kxh5 0-1


[Site "https://www.chess.com"]

[Event "Titled Tuesday Blitz February 14 Late 2023"]
[White "Fedoseev, Vladimir"]
[Black "Barbosa, Evandro Amorim"]
[WhiteFideId "24130737"]
[BlackFideId "2115824"]
[WhiteElo "2680"]
[BlackElo "2491"]
[Result "1-0"]
[Round "02"]
[TimeControl "180+2"]
[Date "2023.02.14"]
[WhiteClock "0:00:46"]
[BlackClock "0:00:01"]

1. e4 c5 2. Nf3 e6 3. d4 cxd4 4. Nxd4 Nc6 5. Bf4 d6 6. Nxc6 bxc6 7. Bd3 e5 8. Be3 Nf6 9. h3 Be7 10. c4 O-O 11. Nc3 Be6 12. Qf3 Rb8 13. Rb1 Qa5 14. O-O Rfe8 15. Bd2 Qc7 16. Rfc1 Nd7 17. Nd5 Qd8 18. Nxe7+ Qxe7 19. b4 Rec8 20. Qg3 Kh8 21. a4 c5 22. b5 Nf8 23. a5 Bd7 24. f4 f6 25. f5 Be8 26. Qh4 h6 27. g4 Nh7 28. Qg3 Bf7 29. h4 Kg8 30. Kf2 Kf8 31. Rg1 Rc7 32. Qh2 Rcc8 33. Rg2 Ke8 34. Rbg1 Kd7 35. g5 hxg5 36. hxg5 Rh8 37. gxf6 Nxf6 38. Qg3 Rbg8 39. Ke2 g6 40. Qf3 gxf5 41. Rxg8 Rxg8 42. Rxg8 Bxg8 43. Qxf5+ Be6 44. Qg6 Qf7 45. Qxf7+ Bxf7 46. Bg5 Ne8 47. Ke3 Ng7 48. Be2 Ne6 49. Bg4 Kc7 50. Be7 Nd4 51. Kd3 Be6 52. Bh5 Bh3 53. a6 Bf1+ 54. Kc3 Ne2+ 55. Bxe2 Bxe2 56. Bxd6+ Kb6 57. Be7 Bf3 58. Bd8# 1-0


[Site "https://www.chess.com"]

[Event "Titled Tuesday Blitz February 14 Late 2023"]
[White "Katz, Alexander"]
[Black "Salem, A.R. Saleh"]
[WhiteFideId "2039796"]
[BlackFideId "9301348"]
[WhiteElo "2470"]
[BlackElo "2677"]
[Result "0-1"]
[Round "02"]
[TimeControl "180+2"]
[Date "2023.02.14"]
[WhiteClock "0:00:06"]
[BlackClock "0:00:20"]

1. e4 e5 2. Nf3 Nc6 3. Bc4 Nf6 4. d3 Bc5 5. c3 O-O 6. O-O d6 7. Nbd2 a6 8. Bb3 h6 9. h3 Re8 10. Re1 Be6 11. Bxe6 Rxe6 12. Nf1 d5 13. Ng3 Qd7 14. Qe2 Rd8 15. Be3 d4 16. cxd4 Nxd4 17. Nxd4 Bxd4 18. Rac1 c6 19. Red1 Bxe3 20. Qxe3 h5 21. Nf5 g6 22. Qg5 Nh7 23. Qg3 Kf8 24. Ne3 Qe7 25. Nc4 Rd4 26. Qe3 Qf6 27. Na5 Re7 28. Nb3 Rd8 29. Qb6 Rde8 30. Nc5 Kg7 31. Nxb7 Rb8 32. Rxc6 Rexb7 33. Qxa6 Qe7 34. b3 Ra7 35. Qc4 Rxa2 36. Rc7 Qf6 37. Rf1 Ng5 38. Rc6 Ne6 39. Qd5 Rd8 40. Rxe6 fxe6 41. Qb7+ Qf7 42. Qb6 Rxd3 43. Qc5 Rxb3 44. Qxe5+ Kh7 45. f4 Rbb2 46. Rc1 Rxg2+ 47. Kf1 Raf2+ 48. Ke1 Re2+ 49. Kf1 Ref2+ 50. Ke1 Rxf4 51. Rc7 Rf1# 0-1


[Site "https://www.chess.com"]

[Event "Titled Tuesday Blitz February 14 Late 2023"]
[White "Deac, Bogdan-Daniel"]
[Black "Han, Yichen"]
[WhiteFideId "1226380"]
[BlackFideId "1054430"]
[WhiteElo "2700"]
[BlackElo "2413"]
[Result "1-0"]
[Round "02"]
[TimeControl "180+2"]
[Date "2023.02.14"]
[WhiteClock "0:00:05"]
[BlackClock "0:00:16"]

1. b3 d5 2. Bb2 Nf6 3. e3 Bg4 4. Nf3 Nbd7 5. h3 Bh5 6. g4 Bg6 7. Nh4 Be4 8. f3 Bg6 9. Nxg6 hxg6 10. f4 e6 11. d3 Bd6 12. Qf3 Qe7 13. Bg2 e5 14. O-O c6 15. Nd2 O-O 16. Rae1 Rae8 17. Qf2 Nh7 18. Nf3 Qd8 19. Qd2 Qc7 20. Bc1 f5 21. g5 Re7 22. d4 exf4 23. exf4 Rfe8 24. Ne5 Nhf8 25. h4 Bxe5 26. fxe5 Ne6 27. c3 c5 28. Bxd5 Qb6 29. Bb2 Kh7 30. h5 Nef8 31. hxg6+ Qxg6 32. Qh2+ Qh6 33. gxh6 gxh6 34. Qf2 Ng6 35. Qxf5 Rg7 36. Kh1 Kh8 37. e6 Nb6 38. Be4 Nc8 39. d5 Nce7 40. Qxg6 Nxg6 41. c4 Kh7 42. Bxg6+ Rxg6 43. Rf7+ Kg8 44. Rg1 Rg5 45. Rxg5+ hxg5 46. Rg7+ Kf8 47. Rh7 1-0


[Site "https://www.chess.com"]

[Event "Titled Tuesday Blitz February 14 Late 2023"]
[White "Dobrikov, Marco"]
[Black "Hakobyan, Aram"]
[WhiteFideId "12950378"]
[BlackFideId "13306677"]
[WhiteElo "2269"]
[BlackElo "2608"]
[Result "0-1"]
[Round "02"]
[TimeControl "180+2"]
[Date "2023.02.14"]
[WhiteClock "0:00:11"]
[BlackClock "0:00:14"]

1. d4 Nf6 2. c4 e6 3. Nc3 Bb4 4. Qc2 c5 5. a3 Bxc3+ 6. bxc3 Nc6 7. e3 b6 8. Nf3 Ba6 9. Be2 Na5 10. Nd2 Rc8 11. O-O O-O 12. Bb2 cxd4 13. cxd4 d5 14. Bc3 Nxc4 15. Nxc4 Bxc4 16. Bb4 Re8 17. Rfc1 a5 18. Be1 Qd6 19. a4 Rc6 20. Qb2 Rec8 21. Bf3 Bd3 22. Rxc6 Rxc6 23. Rc1 h6 24. h3 Qc7 25. Bd2 Rxc1+ 26. Bxc1 Qc2 27. Qa3 Be2 28. Bxe2 Qxe2 29. f3 Nh5 30. Kh2 Qf2 31. Qd6 Qe1 32. Ba3 Qxe3 33. Qf8+ Kh7 34. Qxf7 Qf4+ 35. Qxf4 Nxf4 36. Bd6 Ne2 37. Bc7 Nxd4 38. Bxb6 Nc6 39. Kg3 Kg6 40. f4 Kf6 41. Kf3 e5 42. fxe5+ Kxe5 43. Ke3 d4+ 44. Kd3 Kd5 45. g4 Ne5+ 46. Kc2 d3+ 47. Kc3 d2 48. Kc2 Nc4 49. Bd8 Ke4 50. Bxa5 Nxa5 51. Kxd2 Kd4 52. Ke2 Nb3 53. Kf3 g5 54. Kg3 Ke3 55. h4 Ke4 56. hxg5 hxg5 57. Kg2 Kf4 58. Kf2 Kxg4 59. Kg2 Kf4 60. Kh3 g4+ 61. Kg2 g3 62. Kh1 Kf3 63. Kg1 g2 64. Kh2 Kf2 65. Kh3 g1=Q 0-1


[Site "https://www.chess.com"]

[Event "Titled Tuesday Blitz February 14 Late 2023"]
[White "Bortnyk, Olexandr"]
[Black "Domingo Nunez, Ruben"]
[WhiteFideId "14120828"]
[BlackFideId "22245570"]
[WhiteElo "2605"]
[BlackElo "2416"]
[Result "1-0"]
[Round "02"]
[TimeControl "180+2"]
[Date "2023.02.14"]
[WhiteClock "0:00:34"]
[BlackClock "0:00:06"]

1. d4 Nf6 2. Nc3 d5 3. Bf4 a6 4. e3 c5 5. dxc5 e6 6. Na4 Qa5+ 7. c3 Nc6 8. Nb6 e5 9. b4 Nxb4 10. cxb4 Qxb4+ 11. Qd2 Bxc5 12. Nxa8 exf4 13. Qxb4 Bxb4+ 14. Ke2 fxe3 15. fxe3 Ba5 16. Nf3 Bd7 17. Rc1 Ke7 18. Nc7 Rc8 19. Nxd5+ Nxd5 20. Rxc8 Bxc8 21. Kf2 Bb6 22. Nd4 Nc3 23. Bc4 Ne4+ 24. Ke2 Bg4+ 25. Nf3 Nc3+ 26. Kd3 Na4 27. Rc1 Bd7 28. Ke2 Nb2 29. Ne5 Be8 30. Rb1 Na4 31. Kf2 f6 32. Nd3 Bc6 33. Nb4 Be4 34. Nd5+ Kd6 35. Nxb6 Bxb1 36. Nxa4 b5 37. Nc3 Bc2 38. Bg8 b4 39. Ne2 a5 40. Nd4 Be4 41. g3 Bd5 42. Bxd5 Kxd5 43. Ke2 Kc4 44. Kd2 a4 45. Kc2 g6 46. h4 f5 47. Ne6 b3+ 48. axb3+ axb3+ 49. Kd2 Kd5 50. Nf8 Ke4 51. Nxh7 b2 52. Kc2 Kxe3 53. Nf8 Kf3 54. Nxg6 Kxg3 55. h5 f4 56. Nxf4 Kxf4 57. h6 Kg5 58. h7 Kg6 59. h8=Q b1=Q+ 60. Kxb1 1-0


[Site "https://www.chess.com"]

[Event "Titled Tuesday Blitz February 14 Late 2023"]
[White "Di Berardino, Diego Rafael"]
[Black "Lenderman, Aleksandr"]
[WhiteFideId "2105446"]
[BlackFideId "2021285"]
[WhiteElo "2479"]
[BlackElo "2572"]
[Result "0-1"]
[Round "02"]
[TimeControl "180+2"]
[Date "2023.02.14"]
[WhiteClock "0:00:02"]
[BlackClock "0:01:29"]

1. e4 c6 2. d4 g6 3. Nc3 Bg7 4. Nf3 d5 5. h3 dxe4 6. Nxe4 Nf6 7. Nxf6+ exf6 8. Bc4 O-O 9. O-O Na6 10. Bf4 Nc7 11. Qd2 Nd5 12. Bh6 Be6 13. Bxg7 Kxg7 14. Bb3 Qd6 15. Rad1 Rad8 16. Rfe1 Rfe8 17. Nh2 Bf5 18. Nf1 Rxe1 19. Rxe1 Nf4 20. Ng3 Be6 21. Ne4 Qc7 22. Nc5 Bxb3 23. axb3 b6 24. Ne4 c5 25. c3 cxd4 26. cxd4 Nd5 27. Nc3 Qd7 28. Nxd5 Qxd5 29. Re7 a5 30. b4 axb4 31. Qxb4 Qxd4 32. Qxd4 Rxd4 33. Re2 Rb4 34. g3 f5 35. Kg2 f4 36. g4 Rb3 37. Rc2 Kh6 38. h4 f5 39. gxf5 gxf5 40. Rc6+ Kh5 41. Rf6 Kg4 42. Rf7 f3+ 43. Kh2 h5 44. Rg7+ Kxh4 45. Rg3 f4 46. Rg6 Rxb2 47. Kg1 Rb1+ 48. Kh2 Rb2 49. Kg1 b5 50. Rb6 Kh3 0-1


[Site "https://www.chess.com"]

[Event "Titled Tuesday Blitz February 14 Late 2023"]
[White "Terry, Renato"]
[Black "Alvarez Calzadilla, Jose Avelino"]
[WhiteFideId "3803457"]
[BlackFideId "3526151"]
[WhiteElo "2520"]
[BlackElo "2386"]
[Result "1-0"]
[Round "02"]
[TimeControl "180+2"]
[Date "2023.02.14"]
[WhiteClock "0:00:32"]
[BlackClock "0:00:08"]

1. d4 Nf6 2. Nf3 d5 3. c4 e6 4. Nbd2 Be7 5. b3 O-O 6. Bb2 b6 7. g3 Bb7 8. Bg2 Nbd7 9. O-O c5 10. cxd5 Nxd5 11. Rc1 Rc8 12. dxc5 Rxc5 13. Nc4 N7f6 14. Nd4 Qa8 15. e4 Nb4 16. a3 Na6 17. b4 Rcc8 18. f3 Rfd8 19. Qe2 Nb8 20. Rfd1 Nc6 21. Nc2 Rxd1+ 22. Rxd1 Rd8 23. Bf1 Rxd1 24. Qxd1 Qd8 25. Qe1 Qc7 26. Qc3 Nb8 27. Qd2 Nbd7 28. Nd4 a6 29. Be2 b5 30. Na5 Ba8 31. Ndb3 h6 32. Bd4 Nb6 33. Nc5 Bxc5 34. Bxc5 Na4 35. Bd4 Nb6 36. Nb3 Nbd7 37. Kg2 Ne8 38. Nc5 Nxc5 39. Bxc5 Nf6 40. Bd4 Nd7 41. Qb2 f6 42. Qb3 Qd6 43. Be3 Kh8 44. a4 Bc6 45. a5 e5 46. Qc3 Nf8 47. Bc5 Qd8 48. Bxf8 Qxf8 49. Qxc6 Qxb4 50. Qxa6 Qd2 51. Qxb5 Kh7 52. a6 h5 53. a7 h4 54. a8=Q Qe1 55. gxh4 Qxh4 56. Qc8 Qg5+ 57. Qg4 1-0


[Site "https://www.chess.com"]

[Event "Titled Tuesday Blitz February 14 Late 2023"]
[White "Sanal, Vahap"]
[Black "Vlassov, Nikolai"]
[WhiteFideId "6300545"]
[BlackFideId "4103360"]
[WhiteElo "2600"]
[BlackElo "2283"]
[Result "1-0"]
[Round "02"]
[TimeControl "180+2"]
[Date "2023.02.14"]
[WhiteClock "0:00:12"]
[BlackClock "0:00:08"]

1. Nf3 c5 2. g3 b6 3. Bg2 Bb7 4. c4 g6 5. O-O Bg7 6. Nc3 Nf6 7. d4 cxd4 8. Qxd4 O-O 9. Qh4 d6 10. Bh6 Nbd7 11. Ng5 Bxg2 12. Kxg2 Re8 13. Nd5 Rc8 14. b3 e6 15. Bxg7 Kxg7 16. Nxf6 Nxf6 17. Rad1 Qc7 18. Qd4 Red8 19. Qb2 Qb7+ 20. f3 e5 21. Rd2 h6 22. Nh3 d5 23. Qxe5 dxc4 24. Rxd8 Rxd8 25. bxc4 Qc6 26. Qc3 Kg8 27. Rc1 Rc8 28. Nf2 b5 29. c5 Nd5 30. Qd4 Re8 31. Ne4 Re6 32. Rd1 Nc7 33. Qd8+ Kg7 34. Rd6 Rxd6 35. cxd6 Ne6 36. Qf6+ Kg8 37. Qe5 Qc2 38. Nf6+ Kf8 39. Nd5 Ke8 40. Nf6+ Kd8 41. Qxb5 1-0


[Site "https://www.chess.com"]

[Event "Titled Tuesday Blitz February 14 Late 2023"]
[White "Melikyan, Gnel"]
[Black "Rasulov, Vugar"]
[WhiteFideId "54109990"]
[BlackFideId "13402390"]
[WhiteElo "2238"]
[BlackElo "2523"]
[Result "1/2-1/2"]
[Round "02"]
[TimeControl "180+2"]
[Date "2023.02.14"]
[WhiteClock "0:00:13"]
[BlackClock "0:00:05"]

1. e4 c5 2. Nf3 Nc6 3. Bb5 d6 4. O-O Bd7 5. c3 a6 6. Ba4 Nf6 7. Re1 c4 8. e5 Nxe5 9. Nxe5 dxe5 10. Rxe5 e6 11. Bxd7+ Qxd7 12. Na3 Rc8 13. b3 Bd6 14. Re1 b5 15. Nc2 O-O 16. Ne3 Rfd8 17. a4 Bc5 18. axb5 axb5 19. bxc4 bxc4 20. Qe2 Nd5 21. Nxd5 Qxd5 22. Rd1 Ra8 23. Rxa8 Rxa8 24. d4 Bd6 25. Be3 h6 26. g3 Ra3 27. Rc1 Rb3 28. Qc2 h5 29. h4 Qf3 30. Qd2 g6 31. Ra1 Kh7 32. Kh2 Qg4 33. Kg2 Qe4+ 34. f3 Qd3 35. Qxd3 cxd3 36. Rc1 Rb2+ 37. Bf2 Rc2 38. Rd1 Rxc3 39. f4 Kg7 40. Kf3 Kf6 41. Ke4 Rb3 42. Rxd3 Rxd3 43. Kxd3 Kf5 44. Ke3 Kg4 45. Be1 f5 46. Kf2 Bc7 47. Bb4 Bb6 48. Bc5 Ba5 49. Bd6 Bc3 50. Be5 Bb4 51. Bf6 Ba3 52. Be5 Be7 53. Bc7 Bf6 54. Be5 Bd8 55. Bd6 Ba5 56. Bc5 Bc3 57. Bb6 Bb4 58. Bc5 Ba5 59. Bd6 Bb6 60. Bc5 Bd8 61. Bd6 Bf6 62. Be5 Be7 63. Bc7 Kh3 64. Be5 Bb4 65. Bf6 Bc3 66. Be5 Ba5 67. Bd6 Bd8 68. Be5 Be7 69. Bg7 Ba3 70. Be5 Bb4 71. Bf6 Ba5 72. Be5 Kg4 73. Bd6 1/2-1/2


[Site "https://www.chess.com"]

[Event "Titled Tuesday Blitz February 14 Late 2023"]
[White "Chigaev, Maksim"]
[Black "Janaszak, Dawid"]
[WhiteFideId "4108116"]
[BlackFideId "1119206"]
[WhiteElo "2628"]
[BlackElo "2316"]
[Result "1-0"]
[Round "02"]
[TimeControl "180+2"]
[Date "2023.02.14"]
[WhiteClock "0:00:07"]
[BlackClock "0:00:09"]

1. e4 c5 2. Nf3 e6 3. g3 b6 4. Bg2 Bb7 5. Qe2 d6 6. d4 cxd4 7. Nxd4 Nc6 8. Nxc6 Bxc6 9. O-O Be7 10. Rd1 Qc7 11. c4 Nf6 12. Nc3 O-O 13. Bf4 Nd7 14. Rac1 e5 15. Nd5 Bxd5 16. cxd5 Nc5 17. Be3 a5 18. b3 Qd8 19. h4 Rc8 20. Qb5 Rb8 21. a3 f5 22. exf5 e4 23. b4 axb4 24. axb4 Nd3 25. Rc6 Ne5 26. Bxe4 Nxc6 27. dxc6 Qc7 28. Bd5+ Kh8 29. Be6 Bf6 30. Bd7 Be5 31. Kg2 Rf7 32. Qd5 Rff8 33. f4 Bf6 34. Qxd6 Qa7 35. c7 Ra8 36. Qc6 Qa2+ 37. Bf2 Qe2 38. Qf3 Qc2 39. c8=Q Raxc8 40. Bxc8 Rxc8 41. Qd3 Qb2 42. b5 h6 43. Rd2 Qa1 44. g4 Rd8 45. Qe2 Qa8+ 46. Kg1 Re8 47. Qf1 Qf3 48. g5 hxg5 49. hxg5 Bc3 50. Rd3 Qg4+ 51. Qg2 Qe2 52. Rh3+ Kg8 53. Qd5+ Kf8 54. Rh8+ Ke7 55. Rxe8+ Kxe8 56. Qe6+ Qxe6 57. fxe6 Bd2 58. f5 Bxg5 59. Kg2 Bd8 60. Kf3 Kf8 61. Ke4 Bc7 62. Kd5 Ke7 63. Bh4+ Ke8 64. Kc6 Be5 65. Kxb6 g5 66. fxg6 1-0


[Site "https://www.chess.com"]

[Event "Titled Tuesday Blitz February 14 Late 2023"]
[White "Marosi, Levente"]
[Black "Sjugirov, Sanan"]
[WhiteFideId "747181"]
[BlackFideId "4189302"]
[WhiteElo "2303"]
[BlackElo "2712"]
[Result "0-1"]
[Round "02"]
[TimeControl "180+2"]
[Date "2023.02.14"]
[WhiteClock "0:00:08"]
[BlackClock "0:00:24"]

1. e4 c5 2. Nf3 Nc6 3. d4 cxd4 4. Nxd4 Nf6 5. Nc3 d6 6. Bg5 e6 7. Qd2 a6 8. O-O-O Bd7 9. f4 Be7 10. Be2 h6 11. Bh4 Rc8 12. Bf3 g5 13. fxg5 hxg5 14. Bxg5 Ne5 15. h4 b5 16. Kb1 Nc4 17. Qe1 Qc7 18. Rc1 Qb6 19. Nb3 a5 20. Ne2 a4 21. Nd2 Ne5 22. Qg1 Qc7 23. Qd4 Rg8 24. Rhd1 Nc6 25. Qe3 Ne5 26. Qd4 Nh7 27. Bxe7 Kxe7 28. Nf1 Nf6 29. Ne3 Qc5 30. Qxc5 dxc5 31. c4 b4 32. Nf4 Bc6 33. Ka1 Bxe4 34. Bxe4 Nxe4 35. Re1 f5 36. Re2 Rcd8 37. h5 Nd3 38. Nxd3 Rxd3 39. g4 f4 40. Nf5+ exf5 41. gxf5 Re3 42. Rce1 Kf6 43. Rxe3 fxe3 44. Kb1 b3 45. axb3 axb3 46. Kc1 Kxf5 47. h6 Kf4 48. h7 Rh8 49. Rh1 Ng5 50. Rh4+ Kg3 51. Rh5 Kg4 52. Rh6 Rxh7 53. Rxh7 Nxh7 0-1


[Site "https://www.chess.com"]

[Event "Titled Tuesday Blitz February 14 Late 2023"]
[White "Zhigalko, Sergei"]
[Black "Saveliev, Alexei"]
[WhiteFideId "13502956"]
[BlackFideId "24128546"]
[WhiteElo "2572"]
[BlackElo "2385"]
[Result "1-0"]
[Round "02"]
[TimeControl "180+2"]
[Date "2023.02.14"]
[WhiteClock "0:00:06"]
[BlackClock "0:00:05"]

1. e4 g6 2. d4 Bg7 3. Nc3 d6 4. Nf3 Nc6 5. Bb5 a6 6. Bxc6+ bxc6 7. O-O Nf6 8. h3 O-O 9. Re1 Nd7 10. Bf4 c5 11. dxc5 Nxc5 12. Qd2 Rb8 13. b3 e5 14. Bh6 f5 15. Bxg7 Kxg7 16. Rad1 Bb7 17. Qe3 Qf6 18. Nd5 Bxd5 19. exd5 f4 20. Qc3 e4 21. Nd4 e3 22. fxe3 f3 23. gxf3 Kg8 24. Rd2 Qh4 25. Rh2 Qg3+ 26. Kh1 Rbe8 27. Rg1 Qe5 28. e4 Rxf3 29. Qxf3 Qxd4 30. Rf1 Qxe4 31. Rhf2 Kg7 32. Qxe4 Rxe4 33. Rf7+ Kh6 34. Rxc7 Re2 35. Rxc5 dxc5 36. Rd1 Re7 37. c4 Rd7 38. b4 Kg5 39. bxc5 Kf4 40. c6 Re7 41. d6 Re2 42. d7 Kg3 43. d8=Q Rh2+ 44. Kg1 Rg2+ 45. Kf1 Rxa2 46. Qg5+ Kf3 47. Rd3+ Ke4 48. Qe3+ Kf5 49. Rd5+ Kf6 50. Qg5+ Ke6 51. Qe5+ Kf7 52. Rd7+ Kf8 53. Qh8# 1-0


[Site "https://www.chess.com"]

[Event "Titled Tuesday Blitz February 14 Late 2023"]
[White "Poliakova, Varvara"]
[Black "Livaic, Leon"]
[WhiteFideId "13518313"]
[BlackFideId "14531534"]
[WhiteElo "2010"]
[BlackElo "2579"]
[Result "0-1"]
[Round "02"]
[TimeControl "180+2"]
[Date "2023.02.14"]
[WhiteClock "0:00:11"]
[BlackClock "0:01:04"]

1. e4 e6 2. d4 d5 3. e5 c5 4. c3 Nc6 5. Nf3 Bd7 6. a3 Nge7 7. b4 cxd4 8. cxd4 Nf5 9. Bb2 b5 10. Bxb5 Nxe5 11. Bxd7+ Nxd7 12. Nbd2 a5 13. b5 a4 14. Qe2 Be7 15. O-O O-O 16. Bc3 Qb6 17. Rfb1 Rfc8 18. Qd3 Rc7 19. Bb4 Bxb4 20. Rxb4 h6 21. h3 Nd6 22. Ne5 Nxe5 23. dxe5 Nb7 24. Qd4 Qxd4 25. Rxd4 Rc3 26. Rb4 Nc5 27. b6 Rb8 28. Nf3 Rb3 29. Rb1 Rxb1+ 30. Rxb1 Nb3 31. Rb2 Rxb6 32. Rc2 Rb8 33. Rc7 Ra8 34. Kf1 Na5 35. Nd4 Nc4 36. Nb5 Nxe5 37. Ke2 Rb8 38. Nd6 Rb6 39. f4 Rxd6 40. fxe5 Rb6 41. Ra7 Rb2+ 42. Kf1 Rb3 43. Rxa4 Re3 44. Ra8+ Kh7 45. a4 Rxe5 46. a5 Re3 47. a6 Ra3 48. Kf2 Kg6 49. a7 Kf6 50. Ke2 Ke5 51. Kd2 Kd4 52. Ke2 e5 53. g4 Ra2+ 54. Kd1 e4 55. h4 e3 56. g5 Kd3 0-1


[Site "https://www.chess.com"]

[Event "Titled Tuesday Blitz February 14 Late 2023"]
[White "Indjic, Aleksandar"]
[Black "Popilski, Gil"]
[WhiteFideId "911925"]
[BlackFideId "2809060"]
[WhiteElo "2618"]
[BlackElo "2443"]
[Result "1-0"]
[Round "02"]
[TimeControl "180+2"]
[Date "2023.02.14"]
[WhiteClock "0:00:19"]
[BlackClock "0:00:04"]

1. d4 Nf6 2. c4 e6 3. Nc3 Bb4 4. Qc2 O-O 5. Nf3 d6 6. Bg5 h6 7. Bh4 Nbd7 8. e3 c5 9. Bd3 Qa5 10. O-O cxd4 11. exd4 Bxc3 12. bxc3 b6 13. Nd2 Ba6 14. Bg3 d5 15. Bd6 dxc4 16. Bxc4 Bxc4 17. Nxc4 Qa6 18. Bxf8 Qxc4 19. Ba3 Nd5 20. Bb2 Rc8 21. Rfc1 Nf4 22. Rd1 Ne2+ 23. Kh1 Nf6 24. Rd2 Nxc3 25. Rc1 Nfe4 26. Bxc3 Qxc3 27. Qxc3 Rxc3 28. Rxc3 Nxc3 29. Rc2 Nd5 30. Rc8+ Kh7 31. f3 Kg6 32. Kg1 a5 33. Kf2 Kf6 34. g3 b5 35. Rc5 Nb4 36. Rxb5 Nxa2 37. Rxa5 Nc3 38. Ke3 Nd5+ 39. Kd3 g6 40. h4 h5 41. g4 hxg4 42. fxg4 Nf4+ 43. Ke4 Ne2 44. h5 gxh5 45. gxh5 Ng3+ 46. Kf4 Ne2+ 47. Ke3 Ng3 48. Kd3 Kg7 49. Rg5+ Kh6 50. Rxg3 1-0


[Site "https://www.chess.com"]

[Event "Titled Tuesday Blitz February 14 Late 2023"]
[White "Klose, Eli"]
[Black "Perez Ponsa, Federico"]
[WhiteFideId "16242955"]
[BlackFideId "117927"]
[WhiteElo "1519"]
[BlackElo "2532"]
[Result "0-1"]
[Round "02"]
[TimeControl "180+2"]
[Date "2023.02.14"]
[WhiteClock "0:00:05"]
[BlackClock "0:00:48"]

1. e4 c5 2. Nc3 Nc6 3. g3 g6 4. d3 Bg7 5. Bg2 d6 6. f4 e6 7. Nf3 Nge7 8. O-O O-O 9. Be3 b6 10. Qd2 d5 11. exd5 exd5 12. Bf2 d4 13. Ne4 h6 14. Ne5 Bb7 15. Nxc6 Bxc6 16. Qd1 Nf5 17. Rb1 Re8 18. a3 Qd7 19. Re1 Ne3 20. Bxe3 dxe3 21. Qf3 Rac8 22. Qe2 Rcd8 23. Nc3 Bxg2 24. Qxg2 c4 25. Rbd1 Bxc3 26. bxc3 Qa4 27. d4 Qxa3 28. d5 Qxc3 29. d6 Rxd6 30. Rxd6 Qxe1+ 31. Qf1 Qb4 32. Rd7 e2 0-1


[Site "https://www.chess.com"]

[Event "Titled Tuesday Blitz February 14 Late 2023"]
[White "Predke, Alexandr"]
[Black "Atanasov, Anthony"]
[WhiteFideId "24107581"]
[BlackFideId "2623897"]
[WhiteElo "2685"]
[BlackElo "2368"]
[Result "0-1"]
[Round "02"]
[TimeControl "180+2"]
[Date "2023.02.14"]
[WhiteClock "0:00:04"]
[BlackClock "0:00:08"]

1. e4 e5 2. Nf3 Nf6 3. Qe2 Bd6 4. d4 exd4 5. Nxd4 O-O 6. Nc3 Re8 7. Bd2 Be5 8. Qd3 d5 9. Nde2 dxe4 10. Qxd8 Rxd8 11. O-O-O Nc6 12. h3 h5 13. g3 Bf5 14. Bg2 Nb4 15. a3 Nxc2 16. g4 hxg4 17. hxg4 Nxg4 18. Bxe4 Bxe4 19. Nxe4 Nd4 20. Nxd4 Rxd4 21. f3 Rad8 22. Rh5 g6 23. Rg5 Rc4+ 24. Kb1 Ne3 25. Rh1 Bf4 26. Nf6+ Kg7 27. Nh5+ Kf8 28. Nxf4 Rxd2 29. Rh8+ Kg7 30. Re8 Rd1+ 31. Ka2 Rxf4 32. Rxe3 Rf1 33. Re7 R1xf3 34. Rxc7 b5 35. Rxb5 a6 36. Ra5 Rf6 37. Ra7 R3f5 38. R5xa6 Rxa6 39. Rxa6 g5 40. Ra4 Re5 41. Rg4 Kg6 42. a4 f5 43. Rg1 g4 44. b4 f4 45. a5 g3 46. a6 Kf5 47. Kb3 Kg4 48. a7 Re8 49. b5 f3 50. b6 f2 51. Ra1 g2 52. b7 f1=Q 53. a8=Q Qd3+ 54. Kb4 Qd4+ 55. Kb5 Re5+ 56. Ka6 Qd6+ 57. Ka7 Qc5+ 58. Kb8 Re8# 0-1


[Site "https://www.chess.com"]

[Event "Titled Tuesday Blitz February 14 Late 2023"]
[White "Kozak, Adam"]
[Black "vjecspec"]
[WhiteFideId "753246"]
[WhiteElo "2572"]
[BlackElo "2552"]
[Result "1-0"]
[Round "02"]
[TimeControl "180+2"]
[Date "2023.02.14"]
[WhiteClock "0:00:53"]
[BlackClock "0:00:09"]

1. e4 Nf6 2. e5 Nd5 3. d4 d6 4. exd6 cxd6 5. Nf3 g6 6. c4 Nb6 7. Nc3 Bg7 8. Be2 O-O 9. O-O Nc6 10. Re1 Bg4 11. Bg5 h6 12. Bh4 g5 13. Bg3 Bxf3 14. Bxf3 Nxc4 15. Qe2 Nb6 16. Rad1 Nxd4 17. Qxe7 Nxf3+ 18. gxf3 Qxe7 19. Rxe7 Bxc3 20. bxc3 d5 21. Rxb7 Rfc8 22. Be5 Rc6 23. Bd4 Nc4 24. Rxa7 Rxa7 25. Bxa7 Ra6 26. Bc5 Rxa2 27. Rxd5 Rc2 28. Bd4 Nd2 29. Kg2 Nb1 30. Rb5 Nd2 31. Rb6 Kh7 32. Rf6 Nb3 33. Rxf7+ Kg6 34. Rf6+ Kh5 35. Rd6 Nxd4 36. cxd4 Rd2 37. d5 Rd4 38. Kf1 Rd2 39. Ke1 Rd4 40. Ke2 Ra4 41. Re6 Rd4 42. d6 Rd5 43. Ke3 Rd1 44. Ke4 Rd2 45. Ke5 1-0


[Site "https://www.chess.com"]